 Dungeon Sprint DCSS version 0.31.0-9-g3a7656b989 (webtiles) character file.

Game seed: 10417851665845078328

1089 Heoruswealwe the Spear-Bearer (level 8, -4/82 HPs)
             Began as a Minotaur Fighter on Feb 6, 2024.
             Was an Initiate of Gozag.
             Slain by a seven-headed hydra (13 damage)
             ... in the Dungeon (Sprint IX: "|||||||||||||||||||||||||||||").
             The game lasted 00:02:42 (281 turns).

Heoruswealwe the Spear-Bearer (Minotaur Fighter)     Turns: 281, Time: 00:02:42

Health: -4/82      AC: 15    Str: 26    XL:     8   Next: 9%
Magic:  7/7        EV:  9    Int:  5    God:    Gozag
Gold:   486        SH:  0    Dex: 10    Spells: 7/7 levels left

rFire   . . .        b - +2 halberd (venom)
rCold   . . .        (shield currently unavailable)
rNeg    . . .        c - +0 plate armour
rPois   .            (helmet restricted)
rElec   .            (no cloak)
rCorr   .            (no gloves)
SInv    .            (no boots)
Will    .....        (no amulet) Stlth
                     k - +2 ring of evasion
HPRegen 0.33/turn    j - +3 ring of strength
MPRegen 0.10/turn

%: no teleportation
@: gold aura
A: horns 2, retaliatory headbutt
a: Renounce Religion, Potion Petition, Call Merchant, Bribe Branch


You were in the Dungeon.
You worshipped Gozag.
Gozag was aware of your devotion.
You visited 1 branch You collected 486 gold pieces.

Inventory:

Hand Weapons
 a - a +0 trident
 b - a +2 halberd of venom (weapon)
Armour
 c - a +0 plate armour (worn)
 d - a +0 buckler
Jewellery
 j - a +3 ring of strength (right hand)
 k - a +2 ring of evasion (left hand)
Wands
 h - a wand of quicksilver (10)
Scrolls
 m - 2 scrolls of blinking
Potions
 e - 5 potions of curing
 f - 2 potions of heal wounds
 g - a potion of haste
 i - a potion of berserk rage
 l - a potion of might


   Skills:
 + Level 11.2 Fighting
 * Level 14.9 Polearms
 + Level 11.2 Armour
 - Level 3.6 Shields


You had 7 spell levels left.
You didn't know any spells.
Your spell library was empty.

Dungeon Overview and Level Annotations

Branches:
Dungeon (1/1)

Altars:
Cheibriados
Dithmenos
Elyvilon
Fedhas
Gozag
Hepliaklqana
Kikubaaqudgha
Makhleb
Nemelex Xobeh
Okawaru
Qazlal
Ru
Sif Muna
Trog
Uskayaw
Vehumet
Wu Jian
Xom
Yredelemnul
Zin
The Shining One
Jiyva
Lugonu


Innate Abilities, Weirdness & Mutations

You have a pair of horns on your head.
You reflexively headbutt those who attack you in melee.


Message History

The vampire mosquito is severely damaged.
The vampire mosquito closely misses you.
You hit the vampire mosquito.
The vampire mosquito is severely damaged.
The vampire mosquito closely misses you.
You furiously retaliate!
You headbutt the vampire mosquito!
You destroy the vampire mosquito!
The orc wizard casts a spell.
The orc wizard flickers and vanishes!
Deactivating autopickup; reactivate with Ctrl-A.
You have reached level 8!
You feel agile.
Reach: b) +2 halberd (venom)
Press: ? - help, Dir - move target, f - boulder beetle
Aim: a boulder beetle (about 9% to evade your +2 halberd of venom)
You puncture the boulder beetle!
The boulder beetle is poisoned.
The boulder beetle is lightly wounded.
The boulder beetle barely misses you.
You hit the boulder beetle but do no damage.
The boulder beetle looks as sick as possible!
You headbutt the boulder beetle, but do no damage.
The boulder beetle is lightly wounded.
The boulder beetle leaps!
The six-headed hydra misses you. The six-headed hydra bites you.
The six-headed hydra bites you! x3
* * * LOW HITPOINT WARNING * * *
The six-headed hydra bites you.
* * * LOW HITPOINT WARNING * * *
There is an open door, spattered with blood here.
You see here 54 gold pieces.
You slice one of the six-headed hydra's heads off!
The five-headed hydra grows two more!
You slash the seven-headed hydra!
The seven-headed hydra is moderately wounded.
The seven-headed hydra barely misses you.
You furiously retaliate!
You headbutt the seven-headed hydra. The seven-headed hydra bites you!
* * * LOW HITPOINT WARNING * * *
The seven-headed hydra bites you!
You die...
Your body crumbles into a pile of gold.

▓.▓
▓[▓
▓.▓
▓.▓
▓.▓
▓.▓
▓.▓
▓.▓
▓@▓
▓D▓
▓J▓
▓c▓
▓{▓
▓B▓
▓.▓
▓+▓


You could see a boulder beetle (extremely poisoned), a seven-headed hydra, a
slime creature and a centaur warrior.

Vanquished Creatures
  An unseen horror (D)
  A hornet (D)
  A wyvern (D)
  A vampire mosquito (D)
  2 orc warriors (D)
  A scorpion (D)
  A killer bee (D)
  A hound (D)
  A gnoll bouda (D)
  A gnoll (D)
  A dart slug (D)
  An endoplasm (D)
  A giant cockroach (D)
  2 goblins (D)
  A rat (D)
17 creatures vanquished.

Notes
Turn   | Place    | Note
-------+----------+-------------------------------------------
     0 | D        | Heoruswealwe the Minotaur Fighter began the quest for the
                  | Orb.
     0 | D        | Reached XP level 1. HP: 19/19 MP: 0/0
     7 | D        | Reached skill level 3 in Polearms
    16 | D        | Noticed a hound
    16 | D        | Noticed a scorpion
    16 | D        | Noticed a gnoll bouda
    20 | D        | Killed a hound
    21 | D        | Reached skill level 5 in Fighting
    21 | D        | Reached skill level 6 in Polearms
    21 | D        | Reached skill level 5 in Armour
    21 | D        | Reached XP level 2. HP: 14/29 MP: 1/1
    21 | D        | Reached XP level 3. HP: 18/36 MP: 2/2
    23 | D        | Killed a scorpion
    24 | D        | Reached skill level 7 in Polearms
    24 | D        | Reached XP level 4. HP: 22/45 MP: 3/3
    34 | D        | Reached skill level 8 in Polearms
    41 | D        | Reached XP level 5. HP: 28/52 MP: 4/4
    47 | D        | Found a snail-covered altar of Cheibriados.
    47 | D        | Found a shadowy altar of Dithmenos.
    47 | D        | Found a white marble altar of Elyvilon.
    47 | D        | Found a blossoming altar of Fedhas.
    47 | D        | Found an opulent altar of Gozag.
    48 | D        | Found a hazy altar of Hepliaklqana.
    49 | D        | Found a viscous altar of Jiyva.
    50 | D        | Found an ancient bone altar of Kikubaaqudgha.
    51 | D        | Found a corrupted altar of Lugonu.
    52 | D        | Found a burning altar of Makhleb.
    53 | D        | Found a sparkling altar of Nemelex Xobeh.
    54 | D        | Found an iron altar of Okawaru.
    55 | D        | Became a worshipper of Gozag Ym Sagoz the Greedy
    56 | D        | Found a stormy altar of Qazlal.
    57 | D        | Found a sacrificial altar of Ru.
    58 | D        | Found a shimmering blue altar of Sif Muna.
    59 | D        | Found a bloodstained altar of Trog.
    60 | D        | Found a hide-covered altar of Uskayaw.
    61 | D        | Found a radiant altar of Vehumet.
    62 | D        | Found an ornate altar of the Wu Jian Council.
    63 | D        | Found a shimmering altar of Xom.
    64 | D        | Found a basalt altar of Yredelemnul.
    65 | D        | Found a glowing silver altar of Zin.
    66 | D        | Found a glowing golden altar of the Shining One.
   125 | D        | Noticed an orc warrior
   125 | D        | Noticed a wyvern
   125 | D        | Noticed an orc warrior
   125 | D        | Noticed a hornet
   131 | D        | Reached skill level 9 in Polearms
   136 | D        | Killed an unseen horror
   137 | D        | Reached skill level 12 in Polearms
   137 | D        | Reached XP level 6. HP: 38/64 MP: 5/5
   140 | D        | Killed an orc warrior
   141 | D        | Reached XP level 7. HP: 40/71 MP: 6/6
   144 | D        | Killed a wyvern
   145 | D        | Reached skill level 10 in Fighting
   145 | D        | Reached skill level 13 in Polearms
   145 | D        | Reached skill level 10 in Armour
   148 | D        | Reached skill level 14 in Polearms
   153 | D        | Killed a hornet
   273 | D        | Noticed a vampire mosquito
   273 | D        | Noticed a boulder beetle
   273 | D        | Noticed a six-headed hydra
   273 | D        | Noticed a slime creature
   273 | D        | Noticed a centaur warrior
   277 | D        | Killed a vampire mosquito
   278 | D        | Reached XP level 8. HP: 65/82 MP: 7/7
   281 | D        | Slain by a seven-headed hydra

Illustrated notes

Levels and vault maps discovered:
D:        linesprint [early_d, line_temple, items_1, d_10, items_2, lair_1,
          lair_end, items_3, orc_1, orc_end, items_4, d_15, swamp_1, shoals_1,
          snake_1, spider_1, d_20, vaults_1, items_5, swamp_end, shoals_end,
          snake_end, spider_end, vaults_end, d_27, items_6, zot_1, zot_end,
          crypt_end, forest_end, elf_end, slime_end, tomb_end, abyss_end,
          pan_hell_end]

Skill      XL: |  1  2  3  4  5  6  7 |
---------------+----------------------+-----
Polearms       | 6 7 8 12 14 | 14.9
Fighting       | 5 6 7 9 11 | 11.2
Armour         | 5 6 7 9 11 | 11.2
Shields        | |  3.6

Action                     |  1- 3 |  4- 6 |  7- 9 || total
---------------------------+-------+-------+-------++-------
  Melee: Trident           |    13 |    14 |       ||    27
         Headbutt          |     4 |     5 |     4 ||    13
         Halberd           |       |    15 |    17 ||    32
    Use: Potion            |       |     1 |       ||     1
 Armour: Scale mail        |     6 |    11 |       ||    17
         Chain mail        |       |    19 |     5 ||    24
         Plate armour      |       |       |    11 ||    11
  Dodge: Dodged            |     7 |    12 |     9 ||    28
  Block: Buckler           |       |     4 |       ||     4
